 Dungeon Crawl Stone Soup version 0.26.1-11-gd32895ea62 (webtiles) character file.

Game seed: 2894093923331603348

64 Zeld the Chopper (level 4, 0/40 HPs)
             Began as a Hill Orc Monk on June 11, 2021.
             Slain by an adder (3 damage)
             ... on level 3 of the Dungeon.
             The game lasted 00:01:24 (2192 turns).

Zeld the Chopper (Hill Orc Monk)                    Turns: 2192, Time: 00:01:25

Health: 0/40       AC:  2    Str: 14    XL:     4   Next: 12%
Magic:  4/4        EV: 13    Int: 10    God:
Gold:   158        SH:  0    Dex: 13    Spells: 3/3 levels left

rFire    . . .     SeeInvis .   a - +0 hand axe
rCold    . . .     Faith    .   (no shield)
rNeg     . . .     Spirit   .   b - +0 robe
rPois    .         Reflect  .   (no helmet)
rElec    .         Harm     .   (no cloak)
rCorr    .         Rampage  .   (no gloves)
Will     .....                  (no boots)
Stlth    ++........             (no amulet)
HPRegen  0.13/turn              (no ring)
MPRegen  0.09/turn              (no ring)

@: lethally poisoned (0 -> -3)
A: no striking features
a: no special abilities


You were on level 3 of the Dungeon.
You visited 1 branch of the dungeon, and saw 3 of its levels.

You collected 158 gold pieces.

Inventory:

Hand Weapons
 a - a +0 hand axe (weapon)
Armour
 b - a +0 robe (worn)
Scrolls
 e - 2 scrolls of identify {unknown}
 f - a scroll of enchant armour {unknown}
 g - a scroll of teleportation {unknown}
 h - a scroll of enchant weapon {unknown}
 j - a scroll of fear {unknown}
Potions
 c - 2 potions of magic {unknown}
 d - a potion of invisibility {unknown}
 i - a potion of might {unknown}


   Skills:
 + Level 4.2 Fighting
 * Level 5.1 Axes
 + Level 2.8 Dodging
 + Level 2.1 Stealth


You had 3 spell levels left.
You didn't know any spells.
Your spell library was empty.

Dungeon Overview and Level Annotations

Branches:
Dungeon (3/15)

Altars:
Kikubaaqudgha
The Shining One


Message History

The adder misses you.
You closely miss the adder.
The adder is almost dead.
You feel sick. The adder completely misses you.
You closely miss the adder.
The adder is severely wounded.
The adder bites you.
* * * LOW HITPOINT WARNING * * *
The adder misses you.
You miss the adder.
The adder is severely wounded.
You feel sick. The adder bites you.
* * * LOW HITPOINT WARNING * * *
You closely miss the adder.
The adder is severely wounded.
The adder bites you but does no damage.
You hit the adder.
The adder is almost dead.
The adder bites you.
You die...

.....# #.# ##...#...#.....
#####.###.###..####'####...
#.##...##.##.#)..#)##..
#.........#..'..))..'.(
####...##.##.#...#)##..
###.###..####'####...
#....###...#...#.....
####.#.####.#.##.##.##.#
#...>..[@S...#..###.. #.#
#.#....†###### ..... #..
#.###.# ### #.# ... #.. #.#
### #.# #.# ..# ..# ### #.#
#.# #.#


You could see an adder.

Vanquished Creatures
  2 adders (D:3)
  An ooze (D:3)
  A dart slug (D:1)
  A leopard gecko (D:1)
  A ball python (D:3)
  7 goblins
  9 hobgoblins
  A quokka (D:3)
  6 bats (D:1)
  2 frilled lizards
  3 kobolds
  4 rats
38 creatures vanquished.

Notes
Turn   | Place    | Note
-------+----------+-------------------------------------------
     0 | D:1      | Zeld the Hill Orc Monk began the quest for the Orb.
     0 | D:1      | Reached XP level 1. HP: 19/19 MP: 1/1
   490 | D:1      | Reached XP level 2. HP: 25/27 MP: 2/2
  1124 | D:3      | Reached XP level 3. HP: 31/33 MP: 3/3
  1481 | D:3      | Found an ancient bone altar of Kikubaaqudgha.
  1481 | D:3      | Found a glowing golden altar of the Shining One.
  1611 | D:3      | Reached skill level 5 in Axes
  1626 | D:3      | Reached XP level 4. HP: 12/40 MP: 4/4
  2190 | D:3      | HP: 2/40 [adder (3)]
  2192 | D:3      | Slain by an adder

Illustrated notes

Levels and vault maps discovered:
D:1:      sevenhm_arrival_forest_fort_small_6, layout_rooms, nrook_campfire,
          kennysheep_nondescript, hangedman_abyss_or_decor_stabs,
          kennysheep_pointless_box
D:2:      layout_loops_ring, ashenzari_conservatory_becter,
          serial_co_window_serial, co_window_corner_a,
          co_window_of_opportunity_a, co_window_paths_a, co_window_corner_a,
          co_window_of_opportunity_a, co_window_corner_b,
          co_window_of_opportunity_c, co_window_of_opportunity_b,
          co_window_4corner_b, co_window_paths_e, glass_columns_c, uniq_sigmund
D:3:      cheibrodos_greedy_goblins, layout_loops_ring, tgw_sif,
          gammafunk_temple_overflow_wave

Skill      XL: |  1  2  3 |
---------------+----------+-----
Fighting       | 4 |  4.2
Stealth        | 2 |  2.1
Axes           | 5 |  5.1
Dodging        | |  2.8

Action                   |  1- 3 |  4- 6 || total
-------------------------+-------+-------++-------
Melee: Hand axe          |   105 |    25 ||   130
 Stab: Sleeping          |     5 |       ||     5
Armor: Robe              |    12 |     2 ||    14
Dodge: Dodged            |    79 |    30 ||   109
